AoeStats
← GalatiansTwoTwenty

Four Lakes

507802226Analyzed
1v1 RM · 12d ago on Sep 19, 2026· 71m 6s· 2 players
Game mode
Random Map
Map size
Tiny (2 player)
Population
200
Speed
Normal
Resources
Standard
Victory
Conquest
Starting age
Dark Age
Ending age
Imperial Age
RankedLock teamsTeams togetherTeam positionsShared explorationLock speedFull tech treeHidden civsTurbo modeCheats
Victory
Defeat
🇲🇽 Aztecs · Mexico
1427
+14
🇺🇸 Berbers · United States
1380
-14
GalatiansTwoTwenty
7:50 Loom
10:03 Feudal Age
13:15 Double-Bit Axe
13:52 Town Watch
17:39 Fletching
18:44 Padded Archer Armor
22:21 Wheelbarrow
28:17 Castle Age
33:37 Scale Barding Armor
40:38 Fishing Lines
41:11 Horse Collar
43:53 Bow Saw
43:15 Man-at-Arms
46:43 Bodkin Arrow
47:34 Leather Archer Armor
48:03 Gold Mining
57:14 Imperial Age
55:47 Thumb Ring
55:10 Long Swordsman
55:50 Scale Mail Armor
55:16 Elite Skirmisher
57:48 Chain Barding Armor
57:41 Kasbah
58:41 Conscription
58:45 Chain Mail Armor
61:47 Two-Handed Swordsman
66:53 Gillnets
67:13 Medium Warships
67:46 Crossbowman
youtube.com/@Radio_Latex
9:02 Feudal Age
9:40 Loom
11:39 Fletching
25:39 Scale Mail Armor
35:59 Castle Age
34:03 Padded Archer Armor
38:42 Eagle Warrior
40:30 Crossbowman
41:10 Bodkin Arrow
41:57 Fervor
42:18 Double-Bit Axe
42:51 Squires
43:27 Redemption
44:23 Sanctity
45:13 Pikeman
49:32 Chain Mail Armor
54:48 Imperial Age
51:55 Elite Skirmisher
56:12 Plate Mail Armor
57:19 Block Printing
60:14 Conscription
64:52 Wheelbarrow
66:22 Chemistry
67:10 Forging
67:26 Elite Eagle Warrior
70:37 Leather Archer Armor
Connection lost

Rejoining the realm…

Still unreachable

The connection could not be restored.

Session expired

The server has moved on; the page needs a fresh start.